 Dungeon Crawl Stone Soup version 0.30.0-17-ge0270778cf (webtiles) character file.

Game seed: 3382369895812164581

35 zeram the Caller (level 3, -2/19 HPs)
             Began as a Deep Elf Summoner on May 23, 2023.
             Slain by an adder (4 damage)
             ... on level 2 of the Dungeon.
             The game lasted 00:03:30 (1267 turns).

zeram the Caller (Deep Elf Summoner)                Turns: 1267, Time: 00:03:30

Health: -2/19      AC:  3    Str:  5    XL:     3   Next: 17%
Magic:  8/9        EV: 13    Int: 21    God:
Gold:   70         SH:  0    Dex: 15    Spells: 5/8 levels left

rFire   . . .        d - +1 dagger
rCold   . . .        (no shield)
rNeg    . . .        a - +1 robe
rPois   .            (no helmet)
rElec   .            (no cloak)
rCorr   .            (no gloves)
SInv    .            (no boots)
Will    .....        (no amulet)
Stlth   ++           (no ring)
HPRegen 0.23/turn    (no ring)
MPRegen 0.11/turn

%: no passive effects
@: lethally poisoned (-2 -> -6), about to teleport
A: no striking features
a: no special abilities


You were on level 2 of the Dungeon.
You visited 1 branch of the dungeon, and saw 2 of its levels.

You collected 70 gold pieces.

Inventory:

Hand Weapons
 d - a +1 dagger (weapon)
Armour
 a - a +1 robe (worn)
Scrolls
 c - 2 scrolls of teleportation
Potions
 b - a potion of magic
 e - a potion of might {unknown}
 g - a potion of degeneration {unknown}
 h - 2 potions of attraction
 j - a potion of heal wounds {unknown}


   Skills:
 + Level 2.8 Dodging
 - Level 2.4 Stealth
 + Level 3.4 Spellcasting
 + Level 5.2 Summonings


You had 5 spell levels left.
You knew the following spells:

 Your Spells              Type           Power      Damage    Failure   Level
a - Summon Small Mammal   Summ           100%       N/A       1%          1
b - Call Imp              Summ           50%        N/A       2%          2

Your spell library contained the following spells:

 Spells                   Type           Power      Damage    Failure   Level
 Call Canine Familiar     Summ           25%        N/A       4%          3
 Summon Guardian Golem    Hex/Summ       14%        N/A       13%         3
 Blink                    Tloc           6%         N/A       19%         2
 Lesser Beckoning         Tloc           6%         N/A       19%         2
 Momentum Strike          Conj/Tloc      6%         3d8       19%         2
 Summon Lightning Spire   Summ/Air       14%        N/A       41%         4


Dungeon Overview and Level Annotations

Branches:
Dungeon (2/15)

Altars:


Message History

Your cerulean imp barely misses the adder.
The adder barely misses you.
The kobold hits your cerulean imp with a +0 dagger.
You hit the adder.
The adder is heavily wounded.
You feel sick. The adder bites you. The adder bites you but does no damage.
Your cerulean imp hits the adder from afar with a -2 spear.
The adder barely misses you.
The kobold hits your cerulean imp with a +0 dagger.
The bat misses you.
You closely miss the adder.
The adder is severely wounded.
You feel sick. The bat hits you but does no damage. x2
The adder bites you but does no damage. The adder barely misses you.
Your cerulean imp barely misses the kobold.
The kobold barely misses your cerulean imp.
The bat hits you but does no damage.
You miss the adder.
The adder is severely wounded.
You feel sick. The bat closely misses you. The adder barely misses you.
The adder bites you but does no damage.
Your cerulean imp barely misses the kobold.
The kobold closely misses your cerulean imp.
The adder bites you.
You are more poisoned.
The adder poisons you!
Okay, then.
As you read the scroll of teleportation, it crumbles to dust.
You feel strangely unstable.
You feel sick. The adder misses you.
Your cerulean imp hits the kobold but does no damage.
The adder bites you.
* * * LOW HITPOINT WARNING * * *
The adder bites you but does no damage.
The kobold barely misses your cerulean imp.
The adder attacks as you move away! The adder completely misses you.
* * * LOW HITPOINT WARNING * * *
You feel sick. The bat hits you but does no damage.
The adder closely misses you.
Your cerulean imp misses the kobold.
The adder attacks as you move away! The adder bites you.
You die...

#### #......... . .
.##......... .##.
...........
....##.#........
#..#.#........
#...5K.......
##...........
##SS........
####.@........
##.....b.......
#######..............
#...................#
#####............!...
##..............##.
#..#.........#....
######.##.........##...
#......##.........#


You could see 2 adders, a bat, a kobold (ally target) and a friendly cerulean
imp (summoned).

Vanquished Creatures
  4 ball pythons (D:1)
  2 bats (D:1)
  A giant cockroach (D:1)
  2 goblins (D:1)
  A hobgoblin (D:1)
  4 kobolds (D:1)
  A quokka (D:1)
  A rat (D:2)
16 creatures vanquished.

Vanquished Creatures (collateral kills)
  2 ball pythons (D:1)
  An endoplasm (D:1)
  A giant cockroach (D:1)
  A goblin (D:1)
  4 hobgoblins (D:1)
  3 kobolds (D:1)
12 creatures vanquished.

Grand Total: 28 creatures vanquished

Notes
Turn   | Place    | Note
-------+----------+-------------------------------------------
     0 | D:1      | zeram the Deep Elf Summoner began the quest for the Orb.
     0 | D:1      | Reached XP level 1. HP: 10/10 MP: 6/6
   218 | D:1      | Reached XP level 2. HP: 2/15 MP: 5/8
   278 | D:1      | Learned a level 2 spell: Call Imp
   627 | D:1      | Reached skill level 5 in Summonings
   899 | D:1      | Reached XP level 3. HP: 15/19 MP: 9/9
  1267 | D:2      | Slain by an adder

Illustrated notes

Levels and vault maps discovered:
D:1:      wander_arrival_fairy_ring, layout_loops_corners, grunt_decor_clamped,
          minmay_misc_feat_enclosed
D:2:      layout_rooms, basic_altar

Skill      XL: |  1  2 |
---------------+-------+-----
Summonings     | 5 |  5.2
Dodging        | |  2.8
Stealth        | |  2.4
Spellcasting   | |  3.4

Action                     || total
---------------------------++-------
  Melee: Unarmed           ||     9
         Dagger            ||    77
   Cast: Summon Small Mamm ||     8
         Call Imp          ||     7
    Use: Scroll            ||     7
   Stab: Sleeping          ||     6
 Armour: Robe              ||    24
  Dodge: Dodged            ||    84
